 Dungeon Crawl Stone Soup version 0.19.5 (webtiles) character file.

1860 BugsBunnySan the Gouger (level 8, 36/36 HPs)
             Began as a Felid Berserker on Apr 27, 2017.
             Was a High Priest of Trog.
             Quit the game on level 8 of the Dungeon.
             The game lasted 00:18:07 (7649 turns).

BugsBunnySan the Gouger (Felid Berserker)           Turns: 7649, Time: 00:18:08

Health: 36/36      AC:  2    Str: 13    XL:     8   Next: 89%
Magic:  9/9        EV: 25    Int:  8    God:    Trog [*****.]
Gold:   490        SH:  0    Dex: 19    Spells: 0 memorised, 7 levels left
                                        Lives:  1   Deaths: 1

rFire  . . .     SeeInvis +       - Unarmed
rCold  . . .     Gourm    .     (armour unavailable)
rNeg   . . .     Faith    .     (shield unavailable)
rPois  .         Spirit   .     (helmet unavailable)
rElec  .         Reflect  .     (cloak unavailable)
rCorr  .         Harm     .     (gloves unavailable)
MR     +....                    (boots unavailable)
Stlth  +++++.....               (no amulet)
                                (no ring)
                                (no ring)

@: quick
A: no armour, no weapons or thrown items, stealth, claws 1, fangs 3, see
invisible, carnivore 3, speed 1, shaggy fur 2, slow metabolism 1, sharp paws
a: Berserk, Trog's Hand, Brothers in Arms, Burn Spellbooks, Renounce Religion


You were on level 8 of the Dungeon.
You worshipped Trog.
Trog was extremely pleased with you.
You were not hungry.

You visited 1 branch of the dungeon, and saw 8 of its levels.

You collected 490 gold pieces.

Inventory:

Jewellery
 l - a cursed ring of loudness {unknown}
 n - an uncursed amulet of faith {unknown}
 o - a +2 ring of strength {unknown}
 q - an uncursed ring of magical power {unknown}
 G - an uncursed ring of protection from fire {unknown}
Wands
 t - a wand of flame (23/48)
 z - a wand of teleportation (2/9)
Scrolls
 c - 5 scrolls of remove curse {unknown}
 d - 2 scrolls of recharging {unknown}
 e - a scroll of noise {unknown}
 f - 4 scrolls of identify {unknown}
 h - 2 scrolls of teleportation {unknown}
 i - 3 scrolls of enchant weapon {unknown}
 j - 2 scrolls of fog {unknown}
 u - a scroll of random uselessness {unknown}
 x - a scroll of amnesia {unknown}
 y - a scroll of summoning {unknown}
 C - a scroll of immolation {unknown}
 D - a scroll of holy word {unknown}
Potions
 b - 2 potions of cancellation {unknown}
 m - 2 potions of mutation {unknown}
 p - 2 potions of might {unknown}
 r - a potion of heal wounds {unknown}
 s - 3 potions of curing
 w - a potion of ambrosia {unknown}
 A - 2 potions of lignification {unknown}
 F - a potion of brilliance {unknown}
 H - a potion of haste {unknown}
Books
 v - a book of Conjurations

   Spells                             Type                      Level
   a - Magic Dart                     Conjuration                  1
   b - Searing Ray                    Conjuration                  2
   c - Dazzling Spray                 Conjuration/Hexes            3
   d - Fulminant Prism                Conjuration/Hexes            4
   e - Iskenderun's Mystic Blast      Conjuration                  4
   f - Iskenderun's Battlesphere      Conjuration/Charms           5
   Trog disapproves of the use of such an item.
Comestibles
 a - 3 meat rations
 g - 3 beef jerkies
 B - 2 royal jellies
 E - 3 chunks of flesh


   Skills:
 + Level 4.3 Fighting
 + Level 8.4 Dodging
 + Level 9.3 Stealth
 + Level 11.1 Unarmed Combat


You had 7 spell levels left.
You didn't know any spells.

Dungeon Overview and Level Annotations

Branches:
Dungeon (8/15)             Temple (0/1) D:6
   Lair: D:8-11

Altars:
Cheibriados
Elyvilon
Fedhas
Makhleb
Ru
Vehumet
Yredelemnul


Innate Abilities, Weirdness & Mutations

You cannot wear armour.
You are incapable of wielding weapons or throwing items.
Your paws allow you to move quietly. (Stealth)
You have sharp claws.
You have razor-sharp teeth.
You have supernaturally acute eyesight. (SInv)
You are carnivorous and can eat meat at any time.
You cover ground quickly.
You are covered in thick fur. (AC +2)
You have a slow metabolism.
Your sharp claws are effective at attacking unaware monsters.


Message History

The magic dart hits you!
* * * LOW HITPOINT WARNING * * *
You fade into invisibility!
The orc wizard misses you.
The yak snorts and paws the ground.
The orc wizard points at you and mumbles some strange words.
The magic dart hits you!
* * * LOW HITPOINT WARNING * * *
You are very lightly contaminated with residual magic.
The orc wizard completely misses you.
The orc wizard shouts!
The orc wizard closely misses you.
You hear a bellow!
There is a stone staircase leading up here.
The orc wizard casts a spell at something.
The magic dart hits you!
You stop ascending the stairs.
You die...
You are now level 8!
You rejoin the land of the living...
Are you sure you want to abandon this character and quit the game? (Confirm with "yes".) # #.########.... #.....@....# #.########.#

There were no monsters in sight!

Vanquished Creatures
  Pikel (D:4)
  Grinder (D:3)
  Eustachio (D:4)
  2 yaks (D:8)
  An orc warrior (D:7)
  2 slaves (D:4)
  A black bear (D:5)
  3 ice beasts
  2 ogres
  3 centaurs
  3 bullfrogs
  A gnoll sergeant (D:6)
  2 scorpions
  4 killer bees (D:7)
  3 bullfrog zombies
  Crazy Yiuf (D:4)
  A centaur zombie (D:5)
  5 hounds
  A bullfrog skeleton (D:6)
  2 centaur skeletons (D:4)
  2 orc priests
  8 orc wizards
  3 iguanas
  Terence (D:3)
  Natasha (thrice) (D:4 D:5)
  2 worker ants
  A hound skeleton (D:5)
  Robin (D:4)
  2 howler monkey skeletons (D:6)
  6 gnolls
  8 adders
  A river rat (D:8)
  A shadow imp (D:6)
  2 adder skeletons
  4 worms
  3 leopard geckos
  23 orcs
  2 ball pythons
  6 giant cockroaches
  15 goblins
  16 hobgoblins
  7 jackals
  5 quokkas
  7 bats
  3 frilled lizards
  2 jackal skeletons
  5 kobolds
  A leopard gecko skeleton (D:5)
  A quokka skeleton (D:6)
  A quokka zombie (D:6)
  5 rats
187 creatures vanquished.

Vanquished Creatures (others)
  A hobgoblin (D:4)
  A frilled lizard (D:4)
  7 plants (D:8)
9 creatures vanquished.

Grand Total: 196 creatures vanquished

Notes
Turn   | Place    | Note
-------+----------+-------------------------------------------
     0 | D:1      | BugsBunnySan the Felid Berserker began the quest for the Orb.
     0 | D:1      | Reached XP level 1. HP: 10/10 MP: 2/2
   263 | D:1      | You fall through a shaft!
   365 | D:2      | Reached XP level 2. HP: 4/14 MP: 3/3
  1152 | D:2      | Reached XP level 3. HP: 12/17 MP: 4/4
  1161 | D:2      | Reached ** piety under Trog
  1447 | D:2      | Reached skill level 1 in Stealth
  1536 | D:2      | Reached skill level 4 in Unarmed Combat
  1536 | D:2      | Reached XP level 4. HP: 21/21 MP: 5/5
  1880 | D:3      | Noticed Terence
  1889 | D:3      | Killed Terence
  1999 | D:3      | Noticed Grinder
  2010 | D:3      | Killed Grinder
  2010 | D:3      | Reached skill level 5 in Dodging
  2010 | D:3      | Reached skill level 5 in Unarmed Combat
  2010 | D:3      | Reached XP level 5. HP: 8/24 MP: 6/6
  2010 | D:3      | Gained mutation: You are covered in thick fur. (AC +2) [Felid growth]
  2010 | D:3      | Reached XP level 6. HP: 9/28 MP: 7/7
  2221 | D:3      | Found a white marble altar of Elyvilon.
  2227 | D:3      | Found a sacrificial altar of Ru.
  2227 | D:3      | Found a burning altar of Makhleb.
  2515 | D:4      | Found a sacrificial altar of Ru.
  2840 | D:4      | Noticed a slave
  2841 | D:4      | Noticed Pikel
  2863 | D:4      | Reached *** piety under Trog
  2863 | D:4      | Reached skill level 6 in Unarmed Combat
  3129 | D:4      | Noticed a slave
  3130 | D:4      | Noticed Eustachio
  3160 | D:4      | Killed a slave
  3205 | D:4      | Killed Eustachio
  3205 | D:4      | Reached XP level 7. HP: 31/31 MP: 8/8
  3270 | D:4      | Noticed Robin
  3276 | D:4      | Killed Robin
  3455 | D:4      | Found a runed door.
  3459 | D:4      | Noticed Crazy Yiuf
  3463 | D:4      | Killed Crazy Yiuf
  3492 | D:4      | Noticed Natasha
  3504 | D:4      | Killed Natasha
  3581 | D:4      | Reached skill level 7 in Unarmed Combat
  3617 | D:4      | Reached skill level 5 in Stealth
  3655 | D:4      | Found a radiant altar of Vehumet.
  4226 | D:4      | Reached XP level 8. HP: 36/36 MP: 9/9
  4243 | D:4      | Killed Pikel
  4243 | D:4      | Reached skill level 8 in Unarmed Combat
  4316 | D:5      | Entered Level 5 of the Dungeon
  4451 | D:5      | Noticed Natasha
  4462 | D:5      | Killed Natasha
  4499 | D:5      | Noticed Natasha
  4504 | D:5      | Killed Natasha
  4688 | D:5      | Reached skill level 9 in Unarmed Combat
  5028 | D:5      | Found a snail-covered altar of Cheibriados.
  5028 | D:5      | Found a basalt altar of Yredelemnul.
  5096 | D:5      | Found a blossoming altar of Fedhas.
  5319 | D:5      | Reached **** piety under Trog
  5390 | D:6      | Reached XP level 9. HP: 27/39 MP: 10/10
  6023 | D:6      | Found a staircase to the Ecumenical Temple.
  6320 | D:6      | Reached skill level 10 in Unarmed Combat
  6690 | D:6      | Reached ***** piety under Trog
  7500 | D:8      | Reached skill level 11 in Unarmed Combat
  7648 | D:8      | Killed from afar by an orc wizard
  7649 | D:8      | Reached XP level 8. HP: -2/36 MP: 9/9
  7649 | D:8      | Quit the game

Skill      XL: |  1  2  3  4  5  6  7  8  9 |
---------------+----------------------------+-----
Stealth        | 1 3 4 5 7 9 |  9.3
Unarmed Combat | 4 5 6 7 9 11 | 11.1
Dodging        | 5 6 7 8 |  8.4
Fighting       | 4 |  4.3

Action                   |  1- 3 |  4- 6 |  7- 9 || total
-------------------------+-------+-------+-------++-------
Melee: Unarmed           |   104 |   107 |   355 ||   566
       Bite              |    10 |    10 |    43 ||    63
       Punch             |     3 |     2 |    15 ||    20
Invok: Berserk           |       |     4 |    14 ||    18
       Trog's Hand       |       |     3 |     7 ||    10
  Use: Potion            |       |       |     1 ||     1
 Stab: Sleeping          |     4 |     3 |    13 ||    20
       Distracted        |       |     1 |     5 ||     6
  Eat: Chunk             |     8 |     6 |    25 ||    39
Armor: Skin              |     4 |    11 |    11 ||    26
Dodge: Dodged            |    87 |   100 |   278 ||   465
